 Dungeon Crawl Stone Soup version 0.28-a0-249-g9004c80361 (webtiles) character file.

Game seed: 2665125222188719700

88 Malachi the Ducker (level 4, -2/31 HPs)
             Began as an Octopode Fighter on Aug 26, 2021.
             Was a Follower of Jiyva.
             Succumbed to a gnoll's poison
             ... on level 2 of the Dungeon.
             The game lasted 00:01:14 (1508 turns).

Malachi the Ducker (Octopode Fighter)               Turns: 1508, Time: 00:01:15

Health: -2/31      AC:  1    Str: 15    XL:     4   Next: 53%
Magic:  4/4        EV: 11    Int: 11    God:    Jiyva [*.....]
Gold:   27         SH:  8    Dex: 11    Spells: 3/3 levels left

rFire   . . .      SeeInvis .   a - +0 rapier
rCold   . . .      Faith    .   b - +0 kite shield
rNeg    . . .      Spirit   .   (helmet restricted)
rPois   .          Reflect  .   (no amulet)
rElec   .          Harm     .   (no ring)
rCorr   .          Rampage  .   (no ring)
Will    .....                   (no ring)
Stlth   +++.......              (no ring)
HPRegen 0.10/turn               (no ring)
MPRegen 0.09/turn               (no ring)
                                (no ring)
                                (no ring)

@: mighty, lethally poisoned (-2 -> -27)
A: almost no armour, amphibious, 8 rings, camouflage 1, gelatinous body 1,
(nimble swimmer 1), tentacles
a: Renounce Religion, Request Jelly


You were on level 2 of the Dungeon.
You worshipped Jiyva.
Jiyva was aware of your devotion.
You visited 1 branch of the dungeon, and saw 2 of its levels.

You collected 27 gold pieces.

Inventory:

Hand Weapons
 a - a +0 rapier (weapon)
 f - a +2 dagger of venom
Armour
 b - a +0 kite shield (worn)
Potions
 d - a potion of brilliance {unknown}
 e - a potion of cancellation {unknown}


   Skills:
 + Level 3.3 Fighting
 + Level 3.0 Short Blades
 + Level 3.4 Dodging
 + Level 2.3 Stealth
 + Level 3.4 Shields


You had 3 spell levels left.
You didn't know any spells.
Your spell library contained the following spells:

 Spells                   Type           Power      Damage    Failure   Level
 Ignite Poison            Fire/Tmut/Pois 0%         N/A       99%         3
 Mephitic Cloud           Conj/Pois/Air  0%         N/A       99%         3
 Bolt of Magma            Conj/Fire/Erth 0%         4d4       100%        5


Dungeon Overview and Level Annotations

Branches:
Dungeon (2/15)

Altars:
Jiyva


Innate Abilities, Weirdness & Mutations

You cannot wear most types of armour.
You are amphibious.
You can wear up to eight rings at the same time.
Your skin changes colour to match your surroundings (Stealth+).
Your rubbery body absorbs attacks. (AC +1, EV +1)
((You are camouflaged near water. (Stealth+)))
You have tentacles for arms and can constrict up to eight enemies at once.


Message History

Found an escape hatch in the ceiling.
The adder barely misses you.
A ball python comes into view.
The adder bites you.
The ball python hisses angrily.
You puncture the adder! Your grab misses the adder.
Your squeeze misses the adder.
The adder is severely wounded.
The adder closely misses you.
A gnoll comes into view. It is wielding a +0 whip.
You block the ball python's attack. The ball python closely misses you.
You closely miss the ball python. Your grab misses the ball python.
The adder bites you.
You are poisoned.
The adder poisons you!
The gnoll hits you from afar with a +0 spear of venom.
You are more poisoned.
The ball python bites you. You block the ball python's attack.
You block the adder's attack. The gnoll completely misses you.
Unknown command.
Unknown command.
You feel very mighty all of a sudden.
You feel very sick. The ball python barely misses you.
The ball python completely misses you.
You hear a distant slurping noise.
The adder closely misses you.
A gnoll comes into view. It is wielding a +0 club.
You block the gnoll's attack.
Unknown command.
You puncture the adder!
You kill the adder!
You feel very sick. The ball python bites you.
* * * LOW HITPOINT WARNING * * *
You block the ball python's attack.
The gnoll hits you from afar with a +0 spear of venom!
* * * LOW HITPOINT WARNING * * *
You are more poisoned.
You block the ball python's attack. The ball python barely misses you.
Your Short Blades skill increases to level 3!
You die...

.##...##..#####..#....
.###.###..# #..........
.###......# #.... .....
..........# #..# #...#.
####......#####†.##......
##...........# .....
#.##...g.g..# ...
#.##.!......##S#
#.##.......g@..#
..###.......#### ..#
#.......# ...# #.........
#.# #..........
#.#...##### #.##[## .####


You could see 3 gnolls and a ball python.

Vanquished Creatures
  A howler monkey (D:2)
  2 adders (D:2)
  A ball python (D:2)
  A bat (D:1)
  2 endoplasms (D:1)
  3 giant cockroaches (D:1)
  4 goblins
  2 hobgoblins
  2 jackals (D:1)
  2 kobolds (D:1)
  A quokka (D:1)
  2 frilled lizards
  6 rats (D:1)
29 creatures vanquished.

Vanquished Creatures (others)
  4 plants (D:1)
4 creatures vanquished.

Grand Total: 33 creatures vanquished

Notes
Turn   | Place    | Note
-------+----------+-------------------------------------------
     0 | D:1      | Malachi the Octopode Fighter began the quest for the Orb.
     0 | D:1      | Reached XP level 1. HP: 16/16 MP: 1/1
   134 | D:1      | Reached XP level 2. HP: 19/21 MP: 2/2
  1096 | D:1      | Reached XP level 3. HP: 26/26 MP: 3/3
  1131 | D:1      | Found a faded altar of an unknown god.
  1139 | D:1      | Became a worshipper of Jiyva Jituvosk the Shapeless
  1139 | D:1      | Reached * piety under Jiyva
  1450 | D:2      | Reached skill level 1 in Stealth
  1490 | D:2      | Reached XP level 4. HP: 28/31 MP: 4/4
  1508 | D:2      | Succumbed to a gnoll's poison

Illustrated notes

Levels and vault maps discovered:
D:1:      kilobyte_arrival_exit_the_forest, layout_basic,
          dilly_ecumenical_altar_fadedgnrine, hangedman_decor_points
D:2:      layout_loops_ring, serial_shops, nicolae_square_shop

Skill      XL: |  1  2  3  4 |
---------------+-------------+-----
Stealth        | 2 |  2.3
Short Blades   | 3 |  3.0
Fighting       | |  3.3
Dodging        | |  3.4
Shields        | |  3.4

Action                   |  1- 3 |  4- 6 || total
-------------------------+-------+-------++-------
Melee: Rapier            |    43 |     5 ||    48
       Tentacles         |     6 |       ||     6
       Constrict         |    11 |     1 ||    12
  Use: Potion            |       |     1 ||     1
 Stab: Sleeping          |     8 |       ||     8
Armor: Skin              |     1 |       ||     1
Dodge: Dodged            |    15 |     9 ||    24
Block: Kite shield       |    16 |     7 ||    23

Table legend: (Time is in decaauts)
 A = Elapsed time spent in this place.
 B = Non-inter-level travel time spent in this place.
 C = Inter-level travel time spent in this place.
 D = Time resting spent in this place.
 E = Time spent auto-exploring this place.
 F = Levels seen in this place.
 G = Mean time per level.
                   A        B        C        D        E       F      G
               +--------+--------+--------+--------+--------+-----+--------+
         Total |   1523 |   1483 |     40 |      0 |   1276 |   2 |  761.5 |
       Dungeon |   1523 |   1483 |     40 |      0 |   1276 |   2 |  761.5 |
               +--------+--------+--------+--------+--------+-----+--------+

Top non-repeatable levels by time:
     D:1: 1376 daAuts
     D:2: 146 daAuts
